 Dungeon Crawl Stone Soup version 0.27-a0-535-g7eaf864cf9 (webtiles) character file.

Game seed: 849210536552758261

1887 Morbidden the Insei (level 9, -2/87 HPs)
             Began as an Octopode Transmuter on Mar 6, 2021.
             Slain by a white ugly thing (8 damage)
             ... on level 8 of the Dungeon.
             The game lasted 00:11:06 (10357 turns).

Morbidden the Insei (Octopode Transmuter)          Turns: 10357, Time: 00:11:06

Health: -2/87      AC: 24    Str:  9    XL:     9   Next: 14%
Magic:  13/15      EV:  2    Int: 18    God:
Gold:   163        SH:  0    Dex: 13    Spells: 8/16 levels left

rFire    . . .     SeeInvis .     - Unarmed
rCold    . . .     Faith    .   (no shield)
rNeg     + + +     Spirit   .   (helmet currently unavailable)
rPois    +         Reflect  .   (no amulet)
rElec    .         Harm     .   k - ring of willpower
rCorr    .         Rampage  .   (no ring)
Will     +....     NoTele   +   (no ring)
Stlth    ++........             (no ring)
HPRegen  0.24/turn              (no ring)
MPRegen  0.14/turn              (no ring)
                                (no ring)
                                (no ring)

@: tree-form
A: almost no armour, (amphibious), 8 rings, (constrict 8)
a: no special abilities


You were on level 8 of the Dungeon.
You were a tree.
You visited 2 branches of the dungeon, and saw 8 of its levels.

You collected 163 gold pieces.

Inventory:

Hand Weapons
 a - a +0 hand crossbow
Missiles
 c - 32 bolts
Jewellery
 k - a ring of willpower (left branch)
Wands
 n - a wand of random effects (18)
 p - a wand of charming (5)
 q - a wand of digging (3)
Scrolls
 b - a scroll of immolation {unknown}
 d - a scroll of enchant weapon {unknown}
 f - a scroll of teleportation
 g - 3 scrolls of amnesia {unknown}
 j - 7 scrolls of identify {unknown}
 l - a scroll of random uselessness {unknown}
Potions
 e - 3 potions of haste
 h - 2 potions of flight
 i - a potion of berserk rage
 m - 3 potions of might


   Skills:
 * Level 4.1 Fighting
 + Level 4.0 Crossbows
 * Level 4.6 Dodging
 + Level 3.0 Stealth
 + Level 5.1 Unarmed Combat
 * Level 4.4 Spellcasting
 * Level 4.8 Transmutations
 * Level 4.7 Poison Magic


You had 8 spell levels left.
You knew the following spells:

 Your Spells              Type           Power      Damage    Failure   Level
a - Beastly Appendage     Tmut           42%        N/A       1%          1
b - Spider Form           Tmut/Pois      10%        N/A       6%          3
c - Ice Form              Ice/Tmut       12%        N/A       45%         4

Your spell library contained the following spells:

 Spells                   Type           Power      Damage    Failure   Level
 Wereblood                Tmut           21%        N/A       3%          2
 Ignite Poison            Fire/Tmut/Pois 15%        N/A       12%         3
 Sublimation of Blood     Necr           1%         N/A       22%         2
 Petrify                  Tmut/Erth      12%        N/A       45%         4
 Blade Hands              Tmut           10%        N/A       47%         5
 Alistair's Intoxication  Tmut/Pois      14%        N/A       50%         5
 Irradiate                Conj/Tmut      6%         3d15      82%         5
 Eringya's Noxious Bog    Tmut/Pois      10%        N/A       97%         6


Dungeon Overview and Level Annotations

Branches:
Dungeon (6/15)             Temple (1/1) D:5

Altars:
Ashenzari
Dithmenos
Elyvilon
Fedhas
Gozag
Kikubaaqudgha
Makhleb
Nemelex Xobeh
Okawaru
Ru
Sif Muna
Trog
Vehumet
Wu Jian
Yredelemnul
Zin
The Shining One


Innate Abilities, Weirdness & Mutations

You cannot wear most types of armour.
((You are amphibious.))
You can wear up to eight rings at the same time.
((You can use your tentacles to constrict eight enemies at once.))
((Your skin changes colour to match your surroundings (Stealth+).))
((Your rubbery body absorbs attacks. (AC +1, EV +1)))
((You are stealthy while swimming. (Stealth+)))


Message History

Done exploring.
Done exploring.
Done exploring.
There is an open door here.
You open the door.
There is an open door here.
There is an open door here.
There is a stone staircase leading down here.
You climb downwards.
There is a stone staircase leading up here.
Unknown command.
Found 13 stones.
You open the door.
Found a short sword.
Found an iron altar of Okawaru.
Found a bloodstained altar of Trog.
Found an opulent altar of Gozag.
You fall into a shaft and drop 2 floors!
The shaft crumbles and collapses.
A white ugly thing comes into view.
Casting: Spider Form (dangerous; 6% risk of failure)
Confirm with . or Enter, or press ? or * to list all spells.
You turn into a venomous arachnid creature.
Your transformation is almost over.
The white ugly thing gurgles horribly!
You barely miss the white ugly thing. The white ugly thing stings you!
The white ugly thing freezes you!
You hit the white ugly thing.
The white ugly thing is poisoned.
The white ugly thing is lightly wounded.
The white ugly thing stings you! The white ugly thing freezes you!!
* * * LOW HITPOINT WARNING * * *
You are too injured to fight recklessly!
You are too injured to fight recklessly!
You are too injured to fight recklessly!
Unknown command.
Really quaff the potion of lignification?
Your transformation has ended.
You turn into a tree.
Your roots penetrate the ground.
The white ugly thing stings you!
You die...

##+##
##...##
##.....##
##.......##
#.......u♣#
+.........+
#.........#
##.......##
##.....##
##...##
##+##


You could see a white ugly thing (poisoned).

Vanquished Creatures
  Pikel (D:4)
  Grinder (D:5)
  Edmund (D:4)
  An ice beast (D:5)
  An ogre (D:5)
  2 centaurs (D:5)
  2 scorpions
  A howler monkey (D:4)
  2 hounds
  Crazy Yiuf (D:3)
  4 orc priests
  A gnoll shaman (D:5)
  A bullfrog skeleton (D:4)
  2 iguanas (D:5)
  Natasha (twice) (D:3)
  4 worker ants (D:4)
  A hound skeleton (D:5)
  Robin (D:4)
  9 adders
  A white imp (D:5)
  2 oozes
  An adder skeleton (D:5)
  2 worms
  5 leopard geckos
  12 orcs
  2 giant cockroaches
  12 goblins
  6 hobgoblins
  5 jackals (D:5)
  4 kobolds
  2 quokkas
  8 bats
  2 frilled lizards
  A quokka skeleton (D:5)
  2 rats
105 creatures vanquished.

Vanquished Creatures (collateral kills)
  2 orcs (D:5)
2 creatures vanquished.

Grand Total: 107 creatures vanquished

Notes
Turn   | Place    | Note
-------+----------+-------------------------------------------
     0 | D:1      | Morbidden the Octopode Transmuter began the quest for the
                  | Orb.
     0 | D:1      | Reached XP level 1. HP: 13/13 MP: 3/3
   350 | D:1      | Reached XP level 2. HP: 16/18 MP: 3/5
  1049 | D:2      | Reached XP level 3. HP: 20/23 MP: 6/6
  1053 | D:2      | Learned a level 3 spell: Spider Form
  2250 | D:3      | Found a broken altar of Ashenzari.
  2322 | D:3      | Reached XP level 4. HP: 16/28 MP: 7/7
  2324 | D:3      | HP: 1/25 [orc/+1 short sword of draining (1)]
  2801 | D:3      | Reached skill level 1 in Stealth
  2999 | D:3      | Found a runed translucent door.
  3000 | D:3      | Noticed Crazy Yiuf
  3580 | D:3      | Noticed Natasha
  3589 | D:3      | HP: 1/22 [Natasha (9)]
  3590 | D:3      | Killed Natasha
  3591 | D:3      | Reached skill level 1 in Crossbows
  3591 | D:3      | Reached skill level 1 in Poison Magic
  3591 | D:3      | Reached XP level 5. HP: 2/30 MP: 9/9
  4021 | D:3      | Noticed Natasha
  4031 | D:3      | Killed Natasha
  4129 | D:3      | Killed Crazy Yiuf
  4708 | D:4      | Reached XP level 6. HP: 36/39 MP: 8/10
  5141 | D:4      | Noticed Pikel
  5171 | D:4      | Killed Pikel
  5172 | D:4      | Reached skill level 4 in Unarmed Combat
  5172 | D:4      | Reached XP level 7. HP: 2/45 MP: 9/12
  5802 | D:4      | Noticed Robin
  5806 | D:5      | Entered Level 5 of the Dungeon
  6617 | D:4      | Killed Robin
  6908 | D:4      | Reached XP level 8. HP: 52/52 MP: 13/13
  7515 | D:4      | Noticed Edmund
  7542 | D:4      | Killed Edmund
  8043 | D:5      | Found a blossoming altar of Fedhas.
  8047 | D:5      | Found an ancient bone altar of Kikubaaqudgha.
  8247 | D:5      | Found a sacrificial altar of Ru.
  8288 | D:5      | HP: 2/53 [centaur (8)]
  8653 | D:5      | Found a staircase to the Ecumenical Temple.
  8673 | Temple   | Entered the Ecumenical Temple
  9727 | D:5      | Found a sacrificial altar of Ru.
  9733 | D:5      | Noticed Grinder
  9752 | D:5      | Killed Grinder
  9753 | D:5      | Reached skill level 5 in Unarmed Combat
  9753 | D:5      | Reached XP level 9. HP: 49/58 MP: 12/15
 10015 | D:5      | Learned a level 4 spell: Ice Form
 10241 | D:5      | Found an ornate altar of the Wu Jian Council.
 10330 | D:6      | Found an iron altar of Okawaru.
 10331 | D:6      | Found a bloodstained altar of Trog.
 10333 | D:6      | Found an opulent altar of Gozag.
 10347 | D:6      | You fall into a shaft and drop 2 floors!
 10348 | D:8      | Noticed a white ugly thing
 10357 | D:8      | Slain by a white ugly thing

Illustrated notes

Levels and vault maps discovered:
D:1:      roderic_crossed_star, layout_loops_cross
D:2:      layout_basic
D:3:      layout_loops_cross, nicolae_overflow_hidden_temple, uniq_natasha,
          uniq_crazy_yiuf_cottage
D:4:      layout_basic, uniq_robin, uniq_edmund, uniq_pikel
D:5:      layout_gridville, grunt_temple_overflow_growth_and_decay,
          kennysheep_mini_moat, nicolae_ru_sacrificial_ziggurat,
          minmay_temple_entry_mini_moons, st_stairs_1, minmay_ruined_shrine,
          uniq_grinder
D:6:      layout_basic, chequers_temple_overflow_statue_of_worship,
          kennysheep_small_spiral
D:8:      layout_loops_corners, general_overflow_altar,
          amethyst_overflow_temple_binary, basic_altar,
          chequers_serial_rivers_micro_c
Temple:   kb_temple_of_zot

Skill      XL: |  1  2  3  4  5  6  7  8 |
---------------+-------------------------+-----
Stealth        | 1 2 3 |  3.0
Crossbows      | 1 2 3 4 |  4.0
Transmutations | 3 4 |  4.8
Poison Magic   | 1 3 4 |  4.7
Fighting       | 2 3 4 |  4.1
Spellcasting   | 3 4 |  4.4
Dodging        | 3 4 |  4.6
Unarmed Combat | 4 5 |  5.1

Action                   |  1- 3 |  4- 6 |  7- 9 || total
-------------------------+-------+-------+-------++-------
Melee: Unarmed           |    71 |    76 |   131 ||   278
       Constrict         |    18 |    13 |    19 ||    50
       Kick              |    12 |     7 |    20 ||    39
       Tentacles         |     9 |    10 |    14 ||    33
       Punch             |     1 |       |     1 ||     2
       Hand crossbow     |       |       |     2 ||     2
 Fire: Hand crossbow     |       |    68 |    61 ||   129
 Cast: Beastly Appendage |    15 |     8 |    13 ||    36
       Spider Form       |       |     3 |    10 ||    13
Evoke: Wand              |       |       |     1 ||     1
  Use: Potion            |       |     3 |     4 ||     7
       Scroll            |       |       |     1 ||     1
 Stab: Sleeping          |     4 |     1 |     3 ||     8
Armor: Skin              |     7 |     9 |     7 ||    23
Dodge: Dodged            |    43 |    74 |   154 ||   271

Table legend: (Time is in decaauts)
 A = Elapsed time spent in this place.
 B = Non-inter-level travel time spent in this place.
 C = Inter-level travel time spent in this place.
 D = Time resting spent in this place.
 E = Time spent auto-exploring this place.
 F = Levels seen in this place.
 G = Mean time per level.
                   A        B        C        D        E       F      G
               +--------+--------+--------+--------+--------+-----+--------+
         Total |  10399 |  10240 |    159 |   3386 |   5595 |   8 | 1299.9 |
       Dungeon |  10288 |  10129 |    159 |   3386 |   5502 |   7 | 1469.7 |
        Temple |    110 |    110 |      0 |      0 |     93 |   1 |  110.0 |
               +--------+--------+--------+--------+--------+-----+--------+

Top non-repeatable levels by time:
     D:5: 2976 daAuts
     D:4: 2771 daAuts
     D:3: 2438 daAuts
     D:2: 1464 daAuts
     D:1: 594 daAuts
  Temple: 110 daAuts
     D:6: 33 daAuts
     D:8: 9 daAuts
